 Dungeon Crawl Stone Soup version 0.31-a0-1074-g0b22e4e0f1 (webtiles) character file.

Game seed: 13145268030967805408

1343 MachoJfn the Chopper (level 8, 0/54 HPs)
             Began as a Demonspawn Gladiator on Nov 27, 2023.
             Was a Follower of Hepliaklqana.
             Slain by a killer bee (4 damage)
             ... on level 6 of the Dungeon.
             The game lasted 00:12:34 (5125 turns).

MachoJfn the Chopper (Demonspawn Gladiator)         Turns: 5125, Time: 00:12:34

Health: 0/54       AC: 19    Str: 17    XL:     8   Next: 35%
Magic:  0/8        EV:  6    Int:  9    God:    Hepliaklqana [*.....]
Gold:   346        SH:  0    Dex: 15    Spells: 7/7 levels left

rFire   . . .        a - +2 war axe
rCold   . . .        (no shield)
rNeg    + . .        m - +0 plate armour
rPois   .            c - +0 helmet
rElec   .            (no cloak)
rCorr   +            q - +0 pair of gloves
SInv    .            j - +0 pair of boots
Will    .....        s - amulet of guardian spirit Stlth
                     v - ring of positive energy
HPRegen 0.29/turn    (no ring)
MPRegen 0.11/turn

%: guardian spirit
@: lethally poisoned (0 -> -4)
A: reduced essence, yellow scales 3, demonic guardian 2
a: Renounce Religion, Recall Ancestor, Ancestor Identity


You were on level 6 of the Dungeon.
You worshipped Hepliaklqana.
Hepliaklqana was aware of your devotion.
You visited 2 branches of the dungeon, and saw 7 of its levels.

You collected 346 gold pieces.

Inventory:

Hand Weapons
 a - a +2 war axe (weapon)
Missiles
 d - 3 throwing nets (quivered)
 e - a javelin
 g - 63 stones
 k - 4 large rocks
 t - 12 boomerangs
Armour
 c - a +0 helmet (worn)
 j - a +0 pair of boots (worn)
 m - a +0 plate armour (worn)
 q - a +0 pair of gloves (worn)
Jewellery
 s - an amulet of guardian spirit (around neck)
 v - a ring of positive energy (left hand)
Wands
 u - a wand of flame (45)
Scrolls
 f - 4 scrolls of fog
 h - a scroll of blinking
 i - a scroll of brand weapon {unknown}
 p - a scroll of fear
 x - a scroll of revelation {unknown}
 y - a scroll of acquirement {unknown}
Potions
 b - a potion of cancellation
 l - a potion of brilliance
 n - a potion of magic
 r - a potion of might


   Skills:
 + Level 4.5 Fighting
 + Level 7.6 Axes
 - Level 2.0 Throwing
 + Level 3.9 Armour
 + Level 3.3 Dodging


You had 7 spell levels left.
You didn't know any spells.
Your spell library contained the following spells:

 Spells                   Type           Power      Damage    Failure   Level
 Magic Dart               Conj           0%         1d3       100%        1
 Call Imp                 Summ           0%         N/A       100%        2
 Mephitic Cloud           Conj/Pois/Air  0%         N/A       100%        3


Dungeon Overview and Level Annotations

Branches:
Dungeon (6/15)             Temple (1/1) D:4

Altars:
Ashenzari
Dithmenos
Fedhas
Gozag
Hepliaklqana
Kikubaaqudgha
Nemelex Xobeh
Ru
Sif Muna
Uskayaw
Vehumet


Innate Abilities, Weirdness & Mutations

Your life essence is reduced to manifest your ancestor. (-10% HP)
You are completely covered in yellow scales. (AC +4, rCorr)
A demonic guardian rushes to your aid.


Message History

The killer bee is severely wounded.
The killer bee stings you but does no damage.
The killer bee stings you.
* * * LOW HITPOINT WARNING * * *
You barely miss the killer bee.
The killer bee is severely wounded.
The killer bee stings you but does no damage. x2
You closely miss the killer bee.
The killer bee is severely wounded.
The killer bee stings you but does no damage. x2
You closely miss the killer bee.
The killer bee is severely wounded.
The killer bee barely misses you. The killer bee stings you!
* * * LOW HITPOINT WARNING * * *
A demonic guardian appears!
The killer bee stings you but does no damage.
You closely miss the killer bee.
The killer bee is severely wounded.
The killer bee stings you.
* * * LOW HITPOINT WARNING * * *
You are poisoned.
The killer bee poisons you!
The killer bee stings you but does no damage.
You feel very mighty all of a sudden.
You feel sick.
The killer bee stings you but does no damage. x2
Your magical effects are unravelling.
You feel magically purged.
You feel less wooden.
Your +0 helmet unmelds from your body.
Your +0 pair of gloves unmelds from your body.
Your +0 pair of boots unmelds from your body.
Your +0 plate armour unmelds from your body.
You feel a little less mighty now.
* * * LOW HITPOINT WARNING * * *
You feel sick.
The killer bee stings you but does no damage. x2
* * * LOW HITPOINT WARNING * * *
You feel sick. The killer bee stings you.
You die...

# ### ####.#.###..
#y†.y......#
#†##.#...... #W##.#
#.########
#.####y##.#####)........
#.....4@......#..#
######.##.###.#..#
#...........######.
#..#.###.....)†....
#.....###...######.
##......##.#.#
#............#####
#.#.....<..[.....#
#.##...#.#.#####.##


You could see a phantom, 2 killer bees and a friendly hellwing (summoned).

Vanquished Creatures
  A black bear (D:5)
  An ogre (D:6)
  A centaur (D:6)
  A phantom (D:5)
  A bullfrog (D:6)
  A gnoll sergeant (D:5)
  A scorpion (D:3)
  3 killer bees (D:6)
  2 howler monkeys
  A jelly (D:6)
  A hound (D:5)
  3 orc priests
  A sleepcap (D:4)
  An iguana (D:4)
  An orc wizard (D:5)
  10 gnolls
  9 adders
  A shadow imp (D:5)
  A worm (D:2)
  A dart slug (D:4)
  20 orcs
  5 endoplasms
  7 giant cockroaches
  4 goblins
  5 hobgoblins
  A quokka (D:4)
  8 ball pythons
  6 bats
  4 frilled lizards
  5 kobolds
  3 rats
110 creatures vanquished.

Vanquished Creatures (collateral kills)
  A killer bee (D:6)
  An orc wizard (D:5)
  2 gnolls (D:5)
  2 orcs (D:5)
6 creatures vanquished.

Vanquished Creatures (others)
  An ancestor (D:6)
1 creature vanquished.

Grand Total: 117 creatures vanquished

Notes
Turn   | Place    | Note
-------+----------+-------------------------------------------
     0 | D:1      | MachoJfn the Demonspawn Gladiator began the quest for the
                  | Orb.
     0 | D:1      | Reached XP level 1. HP: 16/16 MP: 1/1
   231 | D:1      | Gained mutation: A weak demonic guardian rushes to your
                  | aid. [demonic ancestry]
   231 | D:1      | Reached XP level 2. HP: 21/22 MP: 2/2
   491 | D:1      | Reached skill level 3 in Axes
   777 | D:1      | Reached XP level 3. HP: 28/28 MP: 3/3
  1269 | D:2      | Gained mutation: You are partially covered in yellow
                  | scales. (AC +2) [demonic ancestry]
  1269 | D:2      | Reached XP level 4. HP: 8/34 MP: 4/4
  1491 | D:2      | Reached skill level 1 in Armour
  2264 | D:3      | Reached skill level 4 in Axes
  2334 | D:3      | Noticed a scorpion
  2356 | D:3      | Killed a scorpion
  2357 | D:3      | Gained mutation: You are mostly covered in yellow scales.
                  | (AC +3) [demonic ancestry]
  2357 | D:3      | Reached XP level 5. HP: 14/41 MP: 2/5
  2983 | D:4      | Found a staircase to the Ecumenical Temple.
  2994 | Temple   | Entered the Ecumenical Temple
  3011 | Temple   | Became a worshipper of Hepliaklqana the Forgotten
  3293 | D:4      | Gained mutation: You are completely covered in yellow
                  | scales. (AC +4, rCorr) [demonic ancestry]
  3293 | D:4      | Reached XP level 6. HP: 45/47 MP: 6/6
  3658 | D:4      | Reached skill level 5 in Axes
  4083 | D:5      | Entered Level 5 of the Dungeon
  4189 | D:5      | Reached XP level 7. HP: 17/52 MP: 2/7
  4286 | D:5      | Reached * piety under Hepliaklqana
  4375 | D:5      | Reached skill level 6 in Axes
  4463 | D:5      | Identified the ring of Pemeodd {rPois Str-4 Int+2 Dex+2}
  4981 | D:6      | Gained mutation: A demonic guardian rushes to your aid.
                  | [demonic ancestry]
  4981 | D:6      | Reached XP level 8. HP: 53/54 MP: 8/8
  4996 | D:6      | Reached skill level 7 in Axes
  5125 | D:6      | Slain by a killer bee

Illustrated notes

Levels and vault maps discovered:
D:1:      minmay_arrival_widening_spiral_wide, layout_basic,
          minmay_misc_feat_iff, minmay_indecisive_spiral
D:2:      layout_basic, lightli_corner_chamber
D:3:      layout_rooms, minmay_surrounded
D:4:      layout_layer_cave, minmay_temple_entry_nine_rooms
D:5:      layout_basic
D:6:      layout_loops_ring
Temple:   nicolae_temple_ecumenical_triangle

Skill      XL: |  1  2  3  4  5  6  7  8 |
---------------+-------------------------+-----
Throwing       | 2 |  2.0
Axes           | 3 4 5 6 7 |  7.6
Dodging        | 3 |  3.3
Armour         | 1 2 3 |  3.9
Fighting       | 3 4 |  4.5

Action                     |  1- 3 |  4- 6 |  7- 9 || total
---------------------------+-------+-------+-------++-------
  Melee: War axe           |   127 |   182 |    95 ||   404
         Punch             |     2 |     2 |     2 ||     6
 Invoke: Ancestor Identity |       |       |     1 ||     1
    Use: Scroll            |     3 |     9 |     1 ||    13
         Potion            |       |     3 |     4 ||     7
   Stab: Distracted        |       |       |     2 ||     2
 Armour: Leather armour    |   102 |       |       ||   102
         Chain mail        |     8 |    97 |       ||   105
         Plate armour      |       |   147 |   112 ||   259
         Skin              |       |       |    24 ||    24
  Dodge: Dodged            |   134 |    88 |    42 ||   264

Table legend: (Time is in decaauts)
 A = Elapsed time spent in this place.
 B = Non-inter-level travel time spent in this place.
 C = Inter-level travel time spent in this place.
 D = Time resting spent in this place.
 E = Time spent auto-exploring this place.
 F = Levels seen in this place.
 G = Mean time per level.
                   A        B        C        D        E       F      G
               +--------+--------+--------+--------+--------+-----+--------+
         Total |   5233 |   4879 |    354 |    747 |   2880 |   7 |  747.6 |
       Dungeon |   5200 |   4873 |    327 |    747 |   2880 |   6 |  866.7 |
        Temple |     32 |      5 |     27 |      0 |      0 |   1 |   32.0 |
               +--------+--------+--------+--------+--------+-----+--------+

Top non-repeatable levels by time:
     D:4: 1214 daAuts
     D:1: 1133 daAuts
     D:2: 1035 daAuts
     D:5: 884 daAuts
     D:3: 752 daAuts
     D:6: 180 daAuts
  Temple: 32 daAuts
